[Event "Vasteras Open 2018"]
[Site "Vasteras"]
[Date "2018.09.28"]
[Round "1"]
[White "Lindberg, Bengt"]
[Black "Andersson, Kjell-Ake"]
[Result "1-0"]
[ECO "B14"]
[WhiteElo "2406"]
[BlackElo "1940"]
[Annotator "NA"]
[PlyCount "43"]
[EventDate "2018.09.28"]
[EventCountry "SWE"]
[SourceTitle "playchess.com"]
[Source "ChessBase"]
[SourceQuality "1"]
[TimeControl "900+5"]

1. e4 c6 2. d4 d5 3. exd5 cxd5 4. c4 Nf6 5. Nc3 e6 6. Nf3 Be7 7. cxd5 Nxd5 8. Bd3 Nc6 9. O-O O-O 10. Re1 Bf6 11. Be4 Nce7 12. Ne5 b6 13. Ng4 Bb7 14. Nxf6+ gxf6 15. Bh6 f5 16. Bxf8 Qxf8 17. Bf3 Rc8 18. Rc1 Nxc3 19. Rxc3 Nd5 20. Rxc8 Qxc8 21. Qd2 Qd8 22. Qh6 1-0

[Event "Vasteras Open 2018"]
[Site "Vasteras"]
[Date "2018.09.28"]
[Round "1"]
[White "Krupenski, Juri"]
[Black "Kruuse, Peter"]
[Result "1-0"]
[ECO "C10"]
[WhiteElo "2402"]
[BlackElo "1923"]
[Annotator "NA"]
[PlyCount "61"]
[EventDate "2018.09.28"]
[EventCountry "SWE"]
[SourceTitle "playchess.com"]
[Source "ChessBase"]
[SourceQuality "1"]
[TimeControl "900+5"]

1. d4 e6 2. e4 d5 3. Nd2 dxe4 4. Nxe4 Nd7 5. Nf3 Ngf6 6. Nxf6+ Nxf6 7. Bd3 c5 8. O-O cxd4 9. Nxd4 Be7 10. c3 O-O 11. Re1 Bd7 12. Bf4 Rc8 13. Qb3 Bc6 14. Rad1 Qd5 15. Nxc6 Qxc6 16. h3 Rfd8 17. Be2 Rxd1 18. Rxd1 Rd8 19. Rxd8+ Bxd8 20. Bf3 Qa6 21. Qxb7 Qxb7 22. Bxb7 Nd5 23. Bd2 Bb6 24. Bxd5 exd5 25. Be3 Kf8 26. Bxb6 axb6 27. Kf1 Ke7 28. Ke2 Kd6 29. Kd3 Ke5 30. a4 f5 31. b4 1-0

[Event "Vasteras Open 2018"]
[Site "Vasteras"]
[Date "2018.09.28"]
[Round "1"]
[White "Seo, Jung Min"]
[Black "Orell, Martin"]
[Result "1-0"]
[ECO "B06"]
[WhiteElo "2360"]
[BlackElo "1903"]
[Annotator "NA"]
[PlyCount "53"]
[EventDate "2018.09.28"]
[EventCountry "SWE"]
[SourceTitle "playchess.com"]
[Source "ChessBase"]
[SourceQuality "1"]
[TimeControl "900+5"]

1. e4 g6 2. d4 Bg7 3. Nc3 d5 4. exd5 Nf6 5. Bb5+ Nbd7 6. Nge2 O-O 7. O-O Nb6 8. Nf4 Nbxd5 9. Ncxd5 Nxd5 10. c3 Bf5 11. Qf3 c6 12. Bc4 Nxf4 13. Bxf4 Qd7 14. Rfe1 Rfe8 15. h3 h5 16. Be5 Bxe5 17. Rxe5 Kg7 18. Rae1 Qd6 19. R5e3 Rad8 20. g4 hxg4 21. hxg4 Be6 22. Bxe6 fxe6 23. Rxe6 Qd5 24. Rxe7+ Rxe7 25. Rxe7+ Kh6 26. Qf4+ g5 27. Qf6# 1-0

[Event "Vasteras Open 2018"]
[Site "Vasteras"]
[Date "2018.09.28"]
[Round "1"]
[White "Gajic, Zoran"]
[Black "Lokander, Martin"]
[Result "0-1"]
[ECO "A45"]
[WhiteElo "2267"]
[BlackElo "2384"]
[Annotator "NA"]
[PlyCount "70"]
[EventDate "2018.09.28"]
[EventCountry "SWE"]
[SourceTitle "playchess.com"]
[Source "ChessBase"]
[SourceQuality "1"]
[TimeControl "900+5"]

1. d4 Nf6 2. Bg5 c5 3. d5 d6 4. Nc3 Nbd7 5. e4 g6 6. f4 Bg7 7. Nf3 Qa5 8. Bd3 c4 9. Bxc4 Nxe4 10. O-O Qc5+ 11. Kh1 Nxc3 12. bxc3 Qxc4 13. Re1 Bf6 14. Rxe7+ Bxe7 15. Qe1 f6 16. Bh6 Nc5 17. Bg7 Rg8 18. Bxf6 Qe4 19. Bxe7 Kxe7 20. Qd2 Kd8 21. Re1 Qf5 22. Qe3 Qf6 23. Nd4 Bd7 24. f5 gxf5 25. Rf1 Kc7 26. c4 Rae8 27. Qc3 Ne4 28. Qa5+ Kb8 29. Nc6+ Bxc6 30. dxc6 Nf2+ 31. Kg1 Nh3+ 32. Kh1 Nf2+ 33. Kg1 Ng4 34. c3 Qe5 35. Rb1 Qe1+ 0-1

[Event "Vasteras Open 2018"]
[Site "Vasteras"]
[Date "2018.09.28"]
[Round "1"]
[White "Ranby, Hans"]
[Black "Cramling, Pia"]
[Result "0-1"]
[ECO "A05"]
[WhiteElo "1952"]
[BlackElo "2465"]
[Annotator "RC"]
[PlyCount "70"]
[EventDate "2018.09.28"]
[EventCountry "SWE"]
[SourceTitle "playchess.com"]
[Source "ChessBase"]
[SourceQuality "1"]
[TimeControl "900+5"]

1. Nf3 Nf6 2. e3 g6 3. b3 Bg7 4. Bb2 O-O 5. c4 c5 6. Be2 d6 7. O-O e5 8. d3 Nc6 9. Nbd2 b6 10. a3 Re8 11. Qc2 Bb7 12. Rad1 d5 13. cxd5 Nxd5 14. Nc4 Rc8 15. Qb1 Qe7 16. Qa1 Rcd8 17. Rc1 f5 18. Rfd1 g5 19. Qa2 g4 20. Ne1 Kh8 21. Nc2 Rd7 22. e4 Nf4 23. Bf1 Nd4 24. Nxd4 exd4 25. exf5 Qg5 26. Ba1 Nh3+ 27. Kh1 Qxf5 28. Re1 Rf8 29. Qd2 Bh6 30. Qxh6 Qxf2 31. Qxf8+ Qxf8 32. Re2 Re7 33. Ne5 Rxe5 34. Rce1 Rxe2 35. Bxe2 Qf2 0-1

[Event "Vasteras Open 2018"]
[Site "Vasteras"]
[Date "2018.09.28"]
[Round "1"]
[White "Larsson, Per-Olov"]
[Black "Von Bahr, Oskar"]
[Result "0-1"]
[ECO "C77"]
[WhiteElo "1944"]
[BlackElo "2418"]
[Annotator "NA"]
[PlyCount "68"]
[EventDate "2018.09.28"]
[EventCountry "SWE"]
[SourceTitle "playchess.com"]
[Source "ChessBase"]
[SourceQuality "1"]
[TimeControl "900+5"]

1. e4 e5 2. Nf3 Nc6 3. Bb5 a6 4. Ba4 Nf6 5. d3 d6 6. c3 Be7 7. Nbd2 O-O 8. O-O b5 9. Bc2 d5 10. d4 exd4 11. Nxd4 Nxd4 12. cxd4 dxe4 13. Nxe4 Bb7 14. Nc5 Bc6 15. Be3 Qd5 16. f3 Rfe8 17. Ne4 Rad8 18. Bf2 Ba8 19. Qd3 Nxe4 20. fxe4 Qh5 21. Bd1 Qg6 22. Bf3 c5 23. Qa3 cxd4 24. Qa5 Bc5 25. Rfe1 Qb6 26. Qxb6 Bxb6 27. Rad1 f6 28. Rd3 Kf7 29. h4 Re7 30. g3 Rde8 31. Red1 Bxe4 32. Bxe4 Rxe4 33. Bxd4 Rxd4 34. Rxd4 Rd8 0-1

[Event "Vasteras Open 2018"]
[Site "Vasteras"]
[Date "2018.09.28"]
[Round "1"]
[White "Berg Laachiri, Susanna"]
[Black "Livner, Anders"]
[Result "1/2-1/2"]
[ECO "B14"]
[WhiteElo "1903"]
[BlackElo "2372"]
[Annotator "NA"]
[PlyCount "55"]
[EventDate "2018.09.28"]
[EventCountry "SWE"]
[SourceTitle "playchess.com"]
[Source "ChessBase"]
[SourceQuality "1"]
[TimeControl "900+5"]

1. e4 c6 2. d4 d5 3. exd5 cxd5 4. c4 Nf6 5. Nc3 g6 6. Nf3 Bg7 7. Be2 O-O 8. O-O Nc6 9. a3 Bg4 10. c5 Ne4 11. Be3 Rc8 12. h3 Be6 13. Rc1 f5 14. Bf4 h6 15. h4 Bf7 16. b4 Nxd4 17. Nxd4 e5 18. Nxe4 dxe4 19. Nb5 exf4 20. Qxd8 Rcxd8 21. Nd6 Bd5 22. Rcd1 Bb3 23. Rb1 Ba2 24. Rbd1 Bb3 25. Rb1 Ba2 26. Rbd1 Bb3 27. Rb1 Ba2 28. Rbd1 1/2-1/2

[Event "Vasteras Open 2018"]
[Site "Vasteras"]
[Date "2018.09.28"]
[Round "2"]
[White "Lokander, Martin"]
[Black "Trost, Edvin"]
[Result "1/2-1/2"]
[ECO "A05"]
[WhiteElo "2384"]
[BlackElo "2053"]
[Annotator "RC"]
[PlyCount "84"]
[EventDate "2018.09.28"]
[EventCountry "SWE"]
[SourceTitle "playchess.com"]
[Source "ChessBase"]
[SourceQuality "1"]
[TimeControl "900+5"]

1. Nf3 Nf6 2. c4 g6 3. Nc3 d5 4. cxd5 Nxd5 5. h4 Nc6 6. e4 Ndb4 7. d3 Bg4 8. a3 Bxf3 9. gxf3 Na6 10. d4 Qxd4 11. Be3 Qxd1+ 12. Rxd1 e6 13. h5 Bg7 14. hxg6 hxg6 15. Rxh8+ Bxh8 16. Rc1 Nd4 17. Nb5 Nxf3+ 18. Ke2 Ng1+ 19. Ke1 Nf3+ 20. Ke2 Ng1+ 21. Kd3 Rd8+ 22. Kc2 c6 23. Nxa7 Nf3 24. Bxa6 bxa6 25. Nxc6 Rc8 26. Kb1 Ne5 27. Nxe5 Rxc1+ 28. Kxc1 Bxe5 29. b4 f5 30. exf5 gxf5 31. f3 Kd7 32. Kc2 Kc6 33. a4 Kd5 34. Kd3 Bd6 35. b5 axb5 36. axb5 e5 37. b6 e4+ 38. fxe4+ fxe4+ 39. Kc3 Kc6 40. Kd4 Bc5+ 41. Kxe4 Bxb6 42. Bxb6 Kxb6 1/2-1/2

[Event "Vasteras Open 2018"]
[Site "Vasteras"]
[Date "2018.09.28"]
[Round "2"]
[White "Jogstad, Daniel"]
[Black "Seo, Jung Min"]
[Result "0-1"]
[ECO "B51"]
[WhiteElo "2046"]
[BlackElo "2360"]
[Annotator "RC"]
[PlyCount "126"]
[EventDate "2018.09.28"]
[EventCountry "SWE"]
[SourceTitle "playchess.com"]
[Source "ChessBase"]
[SourceQuality "1"]
[TimeControl "900+5"]

1. e4 c5 2. Nf3 d6 3. Bb5+ Nd7 4. O-O Ngf6 5. Re1 g6 6. d4 cxd4 7. Qxd4 Bg7 8. e5 dxe5 9. Qxe5 O-O 10. Qxe7 Qa5 11. Bc4 Nb6 12. Bd2 Qh5 13. Bb3 Nfd5 14. Qa3 Bg4 15. Bxd5 Nxd5 16. c4 Bxf3 17. cxd5 Bxd5 18. Nc3 Bc6 19. Ne4 Rfe8 20. f3 Qb5 21. Rab1 Bxe4 22. fxe4 a6 23. Bc3 Bxc3 24. bxc3 Qc6 25. Qb3 b5 26. Qd5 Qxc3 27. Rbc1 Qe5 28. Kh1 Qxd5 29. exd5 Rxe1+ 30. Rxe1 Rd8 31. Rd1 Kg7 32. Kg1 Kf6 33. Kf2 Rd6 34. Rc1 Ke5 35. Rc7 Rf6+ 36. Ke3 Kxd5 37. g4 h6 38. h4 a5 39. a3 g5 40. hxg5 hxg5 41. Rb7 Kc6 42. Ra7 Kb6 43. Rd7 Rf4 44. Re7 Rxg4 45. Rxf7 Rg3+ 46. Kd4 Rxa3 47. Rf6+ Kc7 48. Rf5 b4 49. Rxg5 Kc6 50. Rc5+ Kb6 51. Rh5 Rc3 52. Re5 Rc1 53. Kd3 Rc5 54. Re4 Kb5 55. Re7 Rc3+ 56. Kd2 Ka4 57. Ra7 Rc8 58. Rh7 b3 59. Rh4+ Ka3 60. Rh5 a4 61. Rb5 Ka2 62. Rb4 a3 63. Rb5 b2 0-1

[Event "Vasteras Open 2018"]
[Site "Vasteras"]
[Date "2018.09.30"]
[Round "8"]
[White "Cramling, Pia"]
[Black "Miezis, Normunds"]
[Result "1/2-1/2"]
[ECO "A04"]
[WhiteElo "2465"]
[BlackElo "2470"]
[Annotator "RC"]
[PlyCount "98"]
[EventDate "2018.09.28"]
[EventCountry "SWE"]
[TimeControl "5400+30"]

1. Nf3 e6 2. c4 b6 3. g3 Bb7 4. Bg2 f5 5. O-O Nf6 6. Nc3 Be7 7. d3 O-O 8. e4 fxe4 9. Ng5 Nc6 10. Ngxe4 Nxe4 11. Bxe4 Na5 12. Qe2 c5 13. Bxb7 Nxb7 14. Be3 Nd6 15. d4 Nf5 16. Rad1 Rc8 17. d5 Qe8 18. Ne4 Qg6 19. f3 Rf7 20. dxe6 dxe6 21. Kh1 Rcf8 22. Bg1 h5 23. Rd7 Bf6 24. Rxf7 Rxf7 25. Nxf6+ Qxf6 26. Rd1 e5 27. Rd5 h4 28. Qxe5 Qxe5 29. Rxe5 hxg3 30. hxg3 Nxg3+ 31. Kg2 Nf5 32. Bf2 g6 33. a3 Rc7 34. Kh3 Kf7 35. Kg4 Rd7 36. Re2 Rd3 37. b4 Nd4 38. Re4 Ne6 39. bxc5 bxc5 40. f4 Rxa3 41. Re5 Rc3 42. Bxc5 a5 43. Bd6 a4 44. Ra5 Rxc4 45. Ra7+ Kg8 46. Ra8+ Kf7 47. Ra7+ Kg8 48. Ra8+ Kf7 49. Ra7+ Kg8 1/2-1/2

[Event "Vasteras Open 2018"]
[Site "Vasteras"]
[Date "2018.09.30"]
[Round "8"]
[White "Lindberg, Bengt"]
[Black "Lundin, Jan"]
[Result "1-0"]
[ECO "B80"]
[WhiteElo "2406"]
[BlackElo "2288"]
[Annotator "NA"]
[PlyCount "66"]
[EventDate "2018.09.28"]
[EventCountry "SWE"]
[SourceTitle "playchess.com"]
[Source "ChessBase"]
[SourceQuality "1"]
[TimeControl "5400+30"]

1. e4 c5 2. Nf3 e6 3. d4 cxd4 4. Nxd4 Nf6 5. Nc3 d6 6. Be3 Be7 7. f3 h5 8. Qd2 a6 9. O-O-O Nc6 10. h3 Bd7 11. Rg1 h4 12. f4 Qc7 13. Kb1 Rc8 14. Bd3 Na5 15. Nf3 b5 16. Qf2 b4 17. Ne2 Nc4 18. Ned4 Nxe3 19. Qxe3 e5 20. Nb3 a5 21. Nbd2 Nh5 22. f5 Nf4 23. Nc4 Ba4 24. Rc1 Rb8 25. Qd2 Bc6 26. Rge1 a4 27. Ne3 Qb7 28. Ng4 Bd8 29. Bc4 Bc7 30. Ng5 O-O 31. Qf2 Bd8 32. Qxh4 Bxg5 33. Qxg5 Rfc8 1-0

[Event "Vasteras Open 2018"]
[Site "Vasteras"]
[Date "2018.09.30"]
[Round "8"]
[White "Sjodahl, Pontus"]
[Black "Tiger-Norqvist, Axel"]
[Result "1-0"]
[ECO "E81"]
[WhiteElo "2405"]
[BlackElo "2175"]
[Annotator "NA"]
[PlyCount "73"]
[EventDate "2018.09.28"]
[EventCountry "SWE"]
[SourceTitle "playchess.com"]
[Source "ChessBase"]
[SourceQuality "1"]
[TimeControl "5400+30"]

1. d4 Nf6 2. c4 g6 3. Nc3 Bg7 4. e4 d6 5. f3 O-O 6. Be3 c5 7. d5 e6 8. Nge2 exd5 9. cxd5 Nbd7 10. Ng3 h5 11. Be2 Ne5 12. O-O Nh7 13. Qd2 Re8 14. Rab1 h4 15. Nh1 f5 16. Nf2 Nf7 17. b4 b6 18. Bb5 Bd7 19. a4 Bxb5 20. Nxb5 Ne5 21. Bh6 Bf6 22. exf5 gxf5 23. Qc2 Qd7 24. bxc5 bxc5 25. Nh3 a6 26. Na3 c4 27. Nxc4 Rac8 28. Nxe5 Bxe5 29. Qd3 Rc5 30. Qxa6 Rxd5 31. Qc4 Qe6 32. Qxh4 Rd4 33. Qh5 Rxa4 34. Rb7 Bd4+ 35. Kh1 Ra1 36. Bc1 Bg7 37. Rxg7+ 1-0

[Event "Vasteras Open 2018"]
[Site "Vasteras"]
[Date "2018.09.30"]
[Round "8"]
[White "Krupenski, Juri"]
[Black "Johannesson, Oliver"]
[Result "1-0"]
[ECO "B40"]
[WhiteElo "2402"]
[BlackElo "2284"]
[Annotator "NA"]
[PlyCount "79"]
[EventDate "2018.09.28"]
[EventCountry "SWE"]
[SourceTitle "playchess.com"]
[Source "ChessBase"]
[SourceQuality "1"]
[TimeControl "5400+30"]

1. e4 c5 2. Nf3 e6 3. c3 d5 4. exd5 exd5 5. d4 Nc6 6. Bb5 Nf6 7. O-O Bd6 8. dxc5 Bxc5 9. Bg5 Be6 10. Nbd2 O-O 11. Nb3 Bd6 12. Nbd4 Rc8 13. Re1 Bg4 14. Qa4 Nxd4 15. Nxd4 a6 16. Bd3 h6 17. Bh4 Bd7 18. Qd1 g5 19. Bg3 Bxg3 20. hxg3 Bg4 21. Qd2 Qd6 22. f3 Bd7 23. g4 Rfe8 24. Bf5 Rxe1+ 25. Rxe1 Re8 26. Bxd7 Qxd7 27. Rxe8+ Qxe8 28. Nf5 Kh7 29. Kf2 Qb5 30. Qd4 Qc6 31. Qb4 Nd7 32. Qd6 Qc5+ 33. Ke2 Qb5+ 34. Ke1 Qc6 35. Kd2 Nb6 36. Qxc6 bxc6 37. Kd3 c5 38. b4 c4+ 39. Kd4 f6 40. Ne7 1-0

[Event "Vasteras Open 2018"]
[Site "Vasteras"]
[Date "2018.09.30"]
[Round "8"]
[White "Lokander, Martin"]
[Black "Storme, Isak"]
[Result "1-0"]
[ECO "A28"]
[WhiteElo "2384"]
[BlackElo "2260"]
[Annotator "NA"]
[PlyCount "59"]
[EventDate "2018.09.28"]
[EventCountry "SWE"]
[SourceTitle "playchess.com"]
[Source "ChessBase"]
[SourceQuality "1"]
[TimeControl "5400+30"]

1. c4 e5 2. Nc3 Nf6 3. Nf3 Nc6 4. e3 Bb4 5. Qc2 O-O 6. Nd5 Bc5 7. a3 a5 8. Nxe5 Nxe5 9. d4 Nxd5 10. cxd5 Bxd4 11. exd4 Ng6 12. Be3 c6 13. Bc4 Ne7 14. d6 Ng6 15. Qf5 a4 16. O-O Ra5 17. d5 b5 18. Ba2 Bb7 19. Bg5 Qb6 20. Be7 Rb8 21. dxc6 Qxc6 22. Bxf7+ Kh8 23. f3 Qb6+ 24. Kh1 b4 25. Qxd7 Ne5 26. Qc7 Qa7 27. axb4 Ra6 28. b5 Ra5 29. b4 Rxb5 30. Rxa4 1-0

[Event "Vasteras Open 2018"]
[Site "Vasteras"]
[Date "2018.09.30"]
[Round "8"]
[White "Livner, Anders"]
[Black "Janse, Love"]
[Result "1-0"]
[ECO "A10"]
[WhiteElo "2372"]
[BlackElo "2214"]
[Annotator "NA"]
[PlyCount "118"]
[EventDate "2018.09.28"]
[EventCountry "SWE"]
[SourceTitle "playchess.com"]
[Source "ChessBase"]
[SourceQuality "1"]
[TimeControl "5400+30"]

1. c4 f5 2. g3 Nf6 3. Bg2 d6 4. Nc3 g6 5. d3 Bg7 6. e4 e5 7. Nge2 Nc6 8. O-O O-O 9. Nd5 Ne7 10. Nxf6+ Bxf6 11. Bh6 Rf7 12. Qd2 c6 13. Rad1 Be6 14. Rfe1 d5 15. exd5 cxd5 16. Nf4 Qd7 17. Nxe6 Qxe6 18. Qa5 Qb6 19. Qxb6 axb6 20. cxd5 Rd8 21. d6 Rxd6 22. Bxb7 Nd5 23. Ba6 g5 24. Bc4 Rfd7 25. h4 gxh4 26. gxh4 Kf7 27. h5 f4 28. Kg2 Bh8 29. Bg5 h6 30. Bh4 Ke6 31. Kf3 Kf5 32. a3 Nc7 33. Ke2 Ne6 34. Bxe6+ Rxe6 35. f3 Bf6 36. Bxf6 Rxf6 37. Rg1 Rfd6 38. Rg8 Rc7 39. Rf8+ Ke6 40. Re8+ Kd5 41. d4 exd4 42. Re4 Rc4 43. Rxf4 Re6+ 44. Kd2 d3 45. Rxc4 Kxc4 46. Re1 Rd6 47. Re3 Rd5 48. b3+ Kc5 49. Rxd3 Rxh5 50. Ke3 Rh1 51. Kf2 h5 52. Kg2 Ra1 53. f4 Kb5 54. a4+ Kb4 55. f5 Rc1 56. Rf3 Rc7 57. f6 Rf7 58. Kg3 Kc5 59. Kh4 Kd5 1-0

[Event "Vasteras Open 2018"]
[Site "Vasteras"]
[Date "2018.09.30"]
[Round "8"]
[White "Seo, Jung Min"]
[Black "Ragnarsson, Dagur"]
[Result "0-1"]
[ECO "D86"]
[WhiteElo "2360"]
[BlackElo "2249"]
[Annotator "NA"]
[PlyCount "60"]
[EventDate "2018.09.28"]
[EventCountry "SWE"]
[SourceTitle "playchess.com"]
[Source "ChessBase"]
[SourceQuality "1"]
[TimeControl "5400+30"]

1. c4 Nf6 2. d4 g6 3. Nc3 d5 4. cxd5 Nxd5 5. e4 Nxc3 6. bxc3 Bg7 7. Bc4 c5 8. Ne2 O-O 9. O-O Nc6 10. Be3 Bd7 11. Rc1 Rc8 12. f3 Qa5 13. Bb3 Rfd8 14. h3 Qa6 15. d5 Ne5 16. a4 Nd3 17. Rb1 c4 18. Bc2 e6 19. dxe6 fxe6 20. Bg5 Re8 21. Nd4 Rc5 22. Qd2 Bxa4 23. Bxa4 Qxa4 24. Rxb7 Qa6 25. Rd7 Ra5 26. Re7 Rxe7 27. Bxe7 Ra2 28. Qg5 e5 29. Rb1 Nf4 30. Rb8+ Kf7 0-1

[Event "Vasteras Open 2018"]
[Site "Vasteras"]
[Date "2018.09.30"]
[Round "8"]
[White "Kucuksari, Kaan"]
[Black "Johansson, Gunnar"]
[Result "1/2-1/2"]
[ECO "D04"]
[WhiteElo "2327"]
[BlackElo "2252"]
[Annotator "NA"]
[PlyCount "93"]
[EventDate "2018.09.28"]
[EventCountry "SWE"]
[SourceTitle "playchess.com"]
[Source "ChessBase"]
[SourceQuality "1"]
[TimeControl "5400+30"]

1. d4 d5 2. Nf3 Nf6 3. e3 c5 4. Nbd2 e6 5. c3 Nc6 6. Bd3 Bd6 7. O-O O-O 8. dxc5 Bxc5 9. e4 Qc7 10. exd5 exd5 11. Nb3 Bd6 12. h3 Bd7 13. Be3 Rfe8 14. Nbd4 a6 15. Re1 h6 16. Qc2 Na5 17. Nf5 Bxf5 18. Bxf5 Nc6 19. Rad1 Re7 20. Qa4 Ne5 21. Nxe5 Rxe5 22. Bc2 Rae8 23. Rf1 R5e7 24. Qd4 Re6 25. Qd3 Bc5 26. Bxc5 Qxc5 27. b4 Qc7 28. Bb3 Rc6 29. Rc1 Rc8 30. Rfd1 Rxc3 31. Rxc3 Qxc3 32. Qxc3 Rxc3 33. Bxd5 Nxd5 34. Rxd5 Rc1+ 35. Kh2 Rc2 36. Rd8+ Kh7 37. Rd7 Rxf2 38. Rxb7 Rxa2 39. Rxf7 Ra4 40. Rb7 a5 41. b5 Rb4 42. Kg3 a4 43. Kf3 a3 44. Ra7 Rxb5 45. Rxa3 h5 46. Kf4 Kh6 47. Ke4 1/2-1/2

[Event "Vasteras Open 2018"]
[Site "Vasteras"]
[Date "2018.09.30"]
[Round "8"]
[White "Pantzar, Milton"]
[Black "Marttala, Thomas"]
[Result "1/2-1/2"]
[ECO "A22"]
[WhiteElo "2300"]
[BlackElo "2177"]
[Annotator "NA"]
[PlyCount "89"]
[EventDate "2018.09.28"]
[EventCountry "SWE"]
[SourceTitle "playchess.com"]
[Source "ChessBase"]
[SourceQuality "1"]
[TimeControl "5400+30"]

1. c4 e5 2. Nc3 Nf6 3. e3 Bb4 4. Nge2 O-O 5. a3 Bxc3 6. Nxc3 d6 7. Be2 a5 8. O-O Nc6 9. b3 Re8 10. Bb2 Bf5 11. f4 exf4 12. Rxf4 Bg6 13. Qe1 Ne5 14. Qh4 Bd3 15. Qh3 Bxe2 16. Nxe2 Nd3 17. Rxf6 Nxb2 18. Rf3 Nd3 19. Raf1 Ne5 20. Rg3 c6 21. Nd4 Ng6 22. Qf5 Qc7 23. Qg4 d5 24. cxd5 cxd5 25. Rh3 Re5 26. Nf5 Ra6 27. Qg3 Rc6 28. Qf2 Rc1 29. Nd4 Re8 30. Rf3 Ne5 31. Rf5 g6 32. Qg3 Rxf1+ 33. Rxf1 Kh8 34. h3 Qe7 35. a4 f5 36. Rc1 Qb4 37. Rc8 Qe7 38. Rxe8+ Qxe8 39. Qh4 Kg7 40. Qg5 Nf7 41. Qg3 Qe5 42. Qe1 Nd6 43. Qa1 Kh6 44. Qe1 Kg7 45. Qa1 1/2-1/2

[Event "Vasteras Open 2018"]
[Site "Vasteras"]
[Date "2018.09.30"]
[Round "8"]
[White "Larsson, Anders"]
[Black "Akesson, Ralf"]
[Result "1/2-1/2"]
[ECO "A46"]
[WhiteElo "2238"]
[BlackElo "2372"]
[Annotator "NA"]
[PlyCount "30"]
[EventDate "2018.09.28"]
[EventCountry "SWE"]
[SourceTitle "playchess.com"]
[Source "ChessBase"]
[SourceQuality "1"]
[TimeControl "5400+30"]

1. d4 Nf6 2. Nf3 e6 3. Bg5 c5 4. e3 Qb6 5. Qc1 Ne4 6. h4 d5 7. c3 Nc6 8. Nbd2 Nxd2 9. Qxd2 Bd6 10. O-O-O Bd7 11. Bf4 Bxf4 12. exf4 cxd4 13. Nxd4 Rc8 14. Kb1 Nxd4 15. Qxd4 Qxd4 1/2-1/2